AoeStats
← saschauli

Lombardia

509335919Analyzed
4v4 RM · 7d ago on Sep 26, 2026· 42m 45s· 8 players
Game mode
Random Map
Map size
Large (8 player)
Population
200
Speed
Normal
Resources
Standard
Victory
Conquest
Starting age
Dark Age
Ending age
Imperial Age
RankedLock teamsTeams togetherTeam positionsShared explorationLock speedFull tech treeHidden civsTurbo modeCheats
Victory
Defeat
🇲🇾 Huns · Malaysia
1020
+13
🇮🇳 Saxons · India
1001
+14
🇺🇾 Varangians · Uruguay
992
+14
🇮🇳 Gurjaras · India
926
+17
🇮🇩 Tatars · Indonesia
975
-15
🇨🇳 Byzantines · China
965
-15
🇩🇪 Celts · Germany
956
-15
🇳🇱 Bohemians · Netherlands
916
-13
CamoTheWolf
9:43 Feudal Age
10:09 Double-Bit Axe
10:07 Horse Collar
11:48 Wheelbarrow
20:22 Castle Age
19:25 Forging
19:39 Scale Mail Armor
20:30 Pikeman
24:08 Bow Saw
25:12 Heavy Plow
26:20 Hand Cart
27:26 Loom
28:28 Town Watch
30:05 Squires
30:44 Iron Casting
33:16 Imperial Age
33:23 Halberdier
35:06 Blast Furnace
34:22 Chain Mail Armor
35:47 Two-Man Saw
35:59 Chemistry
37:22 Plate Mail Armor
Paladins Order
7:47 Loom
11:59 Feudal Age
26:43 Double-Bit Axe
31:05 Castle Age
31:21 Horse Collar
31:58 Bloodlines
36:06 Husbandry
Kevin
0:31 Loom
saschauli
10:58 Feudal Age
11:33 Horse Collar
11:42 Double-Bit Axe
14:24 Loom
18:55 Castle Age
17:32 Stone Mining
18:03 Scale Mail Armor
22:20 Stone Shaft Mining
21:59 Heavy Plow
22:29 Bow Saw
22:59 Fletching
24:59 Forging
25:43 Gold Mining
31:51 Gold Shaft Mining
34:47 Imperial Age
33:55 Stronghold
35:31 Chain Mail Armor
36:13 Wheelbarrow
35:59 Town Watch
36:51 Plate Mail Armor
38:09 Iron Casting
38:10 Bodkin Arrow
39:01 Conscription
39:05 Hand Cart
39:56 Blast Furnace
39:19 Elite Woad Raider
Danubio Futbol Club
11:08 Feudal Age
15:44 Castle Age
16:09 Forging
15:55 Loom
17:03 Double-Bit Axe
17:02 Horse Collar
21:26 Bloodlines
23:24 Heavy Plow
23:36 Husbandry
25:18 Wheelbarrow
24:28 Town Watch
26:13 Iron Casting
25:58 Town Watch
26:20 Scale Barding Armor
27:23 Bow Saw
29:56 Chain Barding Armor
36:37 Imperial Age
36:03 Hand Cart
38:36 Blast Furnace
38:11 Plate Barding Armor
38:11 Town Patrol
39:00 Conscription
38:13 Elite Jarl
38:25 Elite Varangian Guard
39:07 Squires
38:54 Arson
39:22 Gold Mining
40:48 Crop Rotation
40:56 Gothikon
XA
9:24 Loom
12:23 Feudal Age
13:08 Man-at-Arms
22:07 Arson
24:56 Castle Age
24:52 Double-Bit Axe
31:38 Bow Saw
32:08 Wheelbarrow
31:48 Stone Mining
33:25 Fletching
33:36 Padded Archer Armor
34:14 Bodkin Arrow
34:01 Horse Collar
35:20 Leather Archer Armor
35:18 Thumb Ring
36:00 Heavy Plow
35:52 Gold Mining
36:57 Ballistics
37:21 Gold Shaft Mining
40:20 Hand Cart
40:39 Caravan
MindFreak ®
0:36 Loom
9:59 Feudal Age
11:18 Double-Bit Axe
17:37 Castle Age
23:08 Horse Collar
25:42 Stone Mining
25:42 Gold Mining
31:41 Imperial Age
29:50 Bow Saw
29:41 Heavy Plow
31:48 Wheelbarrow
31:28 Gold Mining
32:13 Stone Shaft Mining
32:15 Kshatriyas
32:35 Forging
32:25 Scale Mail Armor
32:31 Scale Barding Armor
32:16 Fletching
32:26 Padded Archer Armor
33:29 Hand Cart
32:59 Town Watch
34:05 Husbandry
34:16 Bloodlines
34:34 Caravan
35:04 Coinage
36:04 Town Patrol
36:10 Heavy Camel Rider
36:11 Elite Shrivamsha Rider
38:26 Gold Shaft Mining
37:23 Elite Chakram Thrower
38:24 Conscription
38:44 Light Cavalry
39:47 Frontier Guards
40:24 Arson
41:15 Ballistics
41:55 Chemistry
SHALOMS WRATH
0:38 Loom
11:15 Feudal Age
14:47 Double-Bit Axe
20:36 Castle Age
18:20 Horse Collar
18:35 Stone Mining
18:48 Gold Mining
23:43 Wheelbarrow
24:11 Bow Saw
26:16 Hand Cart
26:32 Heavy Plow
31:24 Imperial Age
31:42 Gold Shaft Mining
33:05 Ballistics
33:46 Chemistry
32:41 Murder Holes
32:27 Treadmill Crane
32:38 Shield Wall
33:21 Town Watch
35:41 Two-Man Saw
36:06 Conscription
36:13 Scale Mail Armor
36:23 Forging
36:22 Elite Varangian Guard
36:48 Arson
37:04 Squires
36:49 Gambesons
37:33 Chain Mail Armor
37:29 Town Patrol
38:14 Guilds
38:35 Coinage
38:05 Caravan
38:54 Iron Casting
38:04 Man-at-Arms
39:49 Plate Mail Armor
39:54 Crop Rotation
39:21 Long Swordsman
40:20 Two-Handed Swordsman
41:39 Siege Engineers
41:45 Masonry
41:18 Champion
43:22 Banking
42:23 Pikeman
Connection lost

Rejoining the realm…

Still unreachable

The connection could not be restored.

Session expired

The server has moved on; the page needs a fresh start.